 Dungeon Crawl Stone Soup version 0.13-a0-2531-g2ad9301 (webtiles) character file.

3587 JogiH the Ruinous (level 9, -2/77 HPs)
             Began as a Djinni Fire Elementalist on July 26, 2013.
             Was a Follower of Sif Muna.
             Slain by a killer bee (3 damage)
             ... on Level 7 of the Dungeon.
             The game lasted 00:50:15 (40879 turns).

JogiH the Ruinous (Djinni Fire Elementalist)       Turns: 40879, Time: 00:50:15

HP  -2/77        AC  4     Str  9      XL: 9   Next: 69%
MP   0/0         EV 14     Int 19      God: Sif Muna [*.....]
Gold 309         SH  0     Dex 14      Spells:  6 memorised,  3 levels left

Res.Fire  : + + +   See Invis. : .   H - +2 trident (freeze)
Res.Cold  : x . .   Warding    : .   a - +0 robe
Life Prot.: + + +   Conserve   : .   (no shield)
Res.Poison: .       Res.Corr.  : .   (no helmet)
Res.Elec. : .       Clarity    : .   j - +0 cloak
Sust.Abil.: . .     Spirit.Shd : .   O - +0 pair of gauntlets (curse)
Res.Mut.  : .       Stasis     : .   (boots unavailable)
Res.Rott. : .       Flight     : .   (no amulet)
Saprovore : . . .                    (no ring)
                                     k - +1 ring of dexterity

@: mildly poisoned, slightly resistant to hostile enchantments, unstealthy
A: no striking features
a: Channel Energy, Renounce Religion


You were on level 7 of the Dungeon.
You worshipped Sif Muna.
Sif Muna was pleased with you.
You were not hungry.

You visited 3 branches of the dungeon, and saw 9 of its levels.

You collected 289 gold pieces.

Inventory:

Hand weapons
 o - a +1,+1 sling of flame
 B - a +1,+0 spear of flaming (quivered)
 H - a +2,+2 trident of freezing (weapon)
Missiles
 u - 3 curare-tipped needles
Armour
 a - a +0 robe (worn)
 f - a +0 pair of elven gloves
 j - a +0 cloak (worn)
 O - a cursed +0 pair of gauntlets (worn)
Magical devices
 p - a wand of cold (3) {unknown}
 y - a wand of confusion (15) {unknown}
 L - a wand of teleportation (6) {unknown}
Scrolls
 c - a scroll of remove curse
 e - 4 scrolls of identify {unknown}
 m - 3 scrolls of teleportation {unknown}
 q - a scroll of enchant weapon II {unknown}
 w - a scroll of blinking {unknown}
 z - 2 scrolls of random uselessness {unknown}
 A - a scroll of vulnerability {unknown}
 C - a scroll of magic mapping {unknown}
 F - a scroll of recharging {unknown}
 G - a scroll of silence {unknown}
 I - a scroll of fear {unknown}
 M - 2 scrolls of enchant armour {unknown}
Jewellery
 k - a +1 ring of dexterity (left hand)
 r - a -3 ring of protection
 E - an uncursed amulet of the gourmand
 K - an uncursed amulet of rage
 N - an uncursed ring of ice
 P - an uncursed amulet of guardian spirit
Potions
 d - 4 potions of brilliance {unknown}
 g - a potion of berserk rage {unknown}
 h - 5 potions of heal wounds {unknown}
 i - 2 potions of slowing {unknown}
 l - 3 potions of speed {unknown}
 n - a potion of poison {unknown}
 s - 2 potions of curing {unknown}
 t - a potion of paralysis {unknown}
 v - a potion of cure mutation {unknown}
 x - a potion of invisibility {unknown}
 D - a potion of flight {unknown}
 J - a potion of agility {unknown}
Books
 b - a book of Flames

   Spells                             Type                      Level
   *Flame Tongue                      Conjuration/Fire             1
   *Throw Flame                       Conjuration/Fire             2
   *Conjure Flame                     Conjuration/Fire             3
   *Inner Flame                       Hexes/Fire                   3
   *Sticky Flame                      Conjuration/Fire             4
   *Fireball                          Conjuration/Fire             5


   Skills:
 - Level 5.0 Fighting
 - Level 5.0 Polearms
 - Level 5.0 Dodging
 - Level 1.5 Stealth
 * Level 6.8 Spellcasting
 * Level 7.4 Conjurations
 + Level 7.3 Fire Magic
 * Level 0.7 Invocations


You had 3 spell levels left.
You knew the following spells:

 Your Spells              Type           Power        Failure   Level  Hunger
a - Flame Tongue          Conj/Fire      ####.        1%          1    None
b - Throw Flame           Conj/Fire      ####..       1%          2    None
c - Conjure Flame         Conj/Fire      ####....     1%          3    ##.....
d - Inner Flame           Hex/Fire       ###.....     10%         3    ##.....
e - Sticky Flame          Conj/Fire      ####....     6%          4    ####...
f - Fireball              Conj/Fire      ####......   14%         5    #####..


Dungeon Overview and Level Annotations

Branches:
Dungeon (7/27)             Temple (1/1) D:4             Orc (1/4) D:6

Altars:
Cheibriados
Fedhas
Kikubaaqudgha
Okawaru
Sif Muna
Trog
Vehumet
Yredelemnul
Zin

Annotations
D:5 exclusion: statue


Message History

You are poisoned.
The killer bee poisons you! The killer bee stings you! The jackal bites you.
You feel sick. The killer bee stings you!
* * * LOW HITPOINT WARNING * * *
You are more poisoned.
The killer bee poisons you! The killer bee stings you!
* * * LOW HITPOINT WARNING * * *
* * * LOW HITPOINT WARNING * * *
You feel sick.
* * * LOW HITPOINT WARNING * * *
You feel sick. The killer bee stings you!
* * * LOW HITPOINT WARNING * * *
You are more poisoned.
The killer bee poisons you! The jackal closely misses you.
There is a stone staircase leading up here.
The killer bee closely misses you. The killer bee stings you.
* * * LOW HITPOINT WARNING * * *
The jackal closely misses you. The killer bee stings you.
You die...

'##.....%.# ###......##
§≈#.....#### #.#......#
.≈#........# #........##
_≈#........############..........
≈≈#..............#..#............
###..............................
.................................
..............................###
...............k@..............#
...............kkhk...........##
...............kk..............#
........................k......#
........................k.....##
.........(...#.................#
............#....#...#%#k......#
......#########.)###..#.#..)..##
......#.# #....######........#


You could see 6 killer bees and a jackal.

Vanquished Creatures
  A feature mimic (D:7)
  Prince Ribbit (D:7)
  A wyvern (D:5)
  3 phantoms
  2 sky beasts (D:6)
  3 centaurs (D:6)
  4 ogres (D:7)
  A gnoll sergeant (D:6)
  A yak skeleton (D:7)
  5 crimson imps
  A quasit (D:6)
  5 hounds
  2 goliath beetles (D:7)
  4 orc priests
  An iguana (D:6)
  5 orc wizards
  3 scorpions
  A gnoll shaman (D:4)
  6 worker ants
  An ogre zombie (D:5)
  2 jellies
  An ogre skeleton (D:5)
  A hound skeleton (D:7)
  7 gnolls
  12 adders
  7 giant mites
  6 worms
  An iguana zombie (D:7)
  2 adder skeletons
  An iguana skeleton (D:6)
  A giant eyeball (D:5)
  8 giant geckos
  An ooze (D:3)
  32 orcs
  16 bats
  7 giant cockroaches
  22 goblins
  16 hobgoblins
  9 jackals
  4 quokkas
  4 training dummies (D:3)
  6 ball pythons
  10 giant newts
  18 kobolds
  A kobold skeleton (D:7)
  2 orc skeletons
  23 rats
271 creatures vanquished.

Vanquished Creatures (others)
  A fungus (D:1)
1 creature vanquished.

Grand Total: 272 creatures vanquished

Notes
Turn   | Place    | Note
--------------------------------------------------------------
     0 | D:1      | JogiH, the Djinni Fire Elementalist, began the quest for the Orb.
     0 | D:1      | Reached XP level 1. HP: 14/14 MP: 0/0
   262 | D:1      | Reached XP level 2. EP: 15/21
   909 | D:1      | Learned a level 2 spell: Throw Flame
  1074 | D:2      | Reached XP level 3. EP: 20/27
  1720 | D:1      | Reached skill level 5 in Fire Magic
  4929 | D:1      | Noticed a four-headed hydra
  8263 | D:1      | Reached XP level 4. EP: 35/35
  8269 | D:1      | Noticed an orc warrior
  8309 | D:2      | Learned a level 3 spell: Conjure Flame
  9022 | D:2      | Learned a level 3 spell: Inner Flame
 14357 | D:2      | Reached XP level 5. EP: 28/42
 18107 | D:2      | Noticed a deep troll
 18436 | D:3      | Found an iron altar of Okawaru.
 20529 | D:2      | Noticed a rock worm
 20717 | D:4      | Noticed a phantom
 20763 | D:4      | Killed a phantom
 20763 | D:4      | Reached skill level 6 in Fire Magic
 20763 | D:4      | Reached XP level 6. EP: 6/50
 20959 | D:4      | Learned a level 4 spell: Sticky Flame
 21027 | D:4      | Noticed a phantom
 21045 | D:4      | Killed a phantom
 21092 | D:4      | Reached skill level 5 in Spellcasting
 21482 | D:4      | Found a staircase to the Ecumenical Temple.
 21728 | D:4      | Reached XP level 7. EP: 43/59
 22625 | D:4      | Reached skill level 5 in Conjurations
 31537 | D:3      | Noticed a six-headed hydra
 32350 | D:3      | Noticed a flayed ghost
 32379 | D:5      | Entered Level 5 of the Dungeon
 32425 | D:5      | Reached skill level 1 in Fighting
 33366 | D:5      | Reached skill level 1 in Polearms
 33803 | D:5      | Noticed a wyvern
 34049 | D:5      | Killed a wyvern
 34049 | D:5      | Reached XP level 8. EP: 32/69
 34205 | D:5      | Found a radiant altar of Vehumet.
 35004 | D:5      | Learned a level 5 spell: Fireball
 37145 | D:6      | Found a staircase to the Orcish Mines.
 37161 | D:6      | Reached skill level 5 in Polearms
 37258 | D:6      | Reached XP level 9. EP: 49/76
 37962 | Orc:1    | Entered Level 1 of the Orcish Mines
 38877 | Temple   | Entered the Ecumenical Temple
 38896 | Temple   | Became a worshipper of Sif Muna the Loreminder
 39232 | D:7      | Reached skill level 5 in Fighting
 39436 | D:7      | Found a basalt altar of Yredelemnul.
 39446 | D:7      | Killed a fountain mimic
 39978 | D:7      | Reached skill level 7 in Fire Magic
 40512 | D:7      | Acquired Sif Muna's first power
 40642 | D:7      | Reached skill level 5 in Dodging
 40754 | D:7      | Noticed Prince Ribbit
 40768 | D:7      | Killed Prince Ribbit
 40878 | D:7      | HP: 2/77 [killer bee (7)]
 40879 | D:7      | Slain by a killer bee

Action                   |  1- 3 |  4- 6 |  7- 9 || total
-------------------------+-------+-------+-------++-------
Melee: Short sword       |     5 |    31 |   113 ||   149
       Unarmed           |     1 |       |       ||     1
       Spear             |       |       |   145 ||   145
       Trident           |       |       |    69 ||    69
 Cast: Flame Tongue      |    45 |    66 |   188 ||   299
       Throw Flame       |    27 |    91 |   181 ||   299
       Conjure Flame     |       |    11 |    49 ||    60
  Use: Scroll            |       |     2 |       ||     2
 Stab: Sleeping          |       |     1 |       ||     1
